General information
- name: BNet
- type: Ladder team game (AT/RT)
- host: Battle.net
- saver: Archmage
map: Deadlands
- players: 8
- length: 50:01
- speed: Fast
- version: 1.26 W3XP
- replay type: Public
» download(240 KB)
Players
team 1 (winner)

»
pucc_lover (
blue | 23 APM | 1174 actions | 50:01)
8 Mountain King
3 Storm Bolt
3 Bash
1 Avatar
1 Thunder Clap
» actions
| Basic commands | 5 | |
| Build / train | 62 | |
| Enter build submenu | 28 | |
| Enter hero's abilities submenu | 9 | |
| Remove unit from queue | 1 | |
| Right click | 638 | |
| Select / deselect | 362 | |
| Use ability | 69 | |
1174 total
» units
» upgrades
| Plating | 3 | |
| Defend | 1 | |
| Masonry | 2 | |
| Lumber Harvesting | 2 | |
| Swords | 2 | |
| Animal War Training | 1 | |
11 total
» buildings
| Altar of Kings | 1 | |
| Farm | 12 | |
| Barracks | 2 | |
| Lumber Mill | 1 | |
| Scout Tower | 4 | |
| Arcane Tower | 1 | |
| Arcane Vault | 1 | |
| Guard Tower | 2 | |
| Blacksmith | 1 | |
| Keep | 1 | |
| Castle | 1 | |
| Town Hall | 5 | |
32 total
» build order
00:05 Altar of Kings
00:07 Farm
00:48 Barracks
01:09 Farm
01:29 Lumber Mill
01:49 Farm
01:59 Scout Tower
02:04 Scout Tower
02:30 Farm
02:32 Arcane Tower
02:40 Scout Tower
02:53 Arcane Vault
03:27 Farm
03:33 Guard Tower
03:41 Blacksmith
04:24 Keep
04:48 Scout Tower
05:16 Guard Tower
06:31 Farm
06:35 Farm
07:13 Farm
07:42 Castle
09:36 Farm
10:21 Barracks
11:30 Farm
12:11 Farm
13:16 Farm
17:41 Town Hall
19:22 Town Hall
24:40 Town Hall
26:15 Town Hall
28:36 Town Hall
» items
| Scroll of Regeneration | 5 | |
| Lesser Clarity Potion | 1 | |
| Scroll of Town Portal | 1 | |
7 total
ninja.warrior. (
teal | 59 APM | 2964 actions | 49:55)
8 Archmage
3 Summon Water Elemental
2 Brilliance Aura
2 Mass Teleport
1 Blizzard
» actions
| Assign group hotkey | 33 | |
| Basic commands | 162 | |
| Build / train | 94 | |
| Enter build submenu | 32 | |
| Enter hero's abilities submenu | 9 | |
| Give item / drop item | 4 | |
| Remove unit from queue | 2 | |
| Right click | 1181 | |
| Select / deselect | 321 | |
| Select group hotkey | 966 | |
| Use ability | 160 | |
2964 total
» units
| Peasant | 19 | |
| Footman | 3 | |
| Goblin Shredder | 2 | |
| Gryphon Rider | 7 | |
| Goblin Sapper | 3 | |
| Goblin Zeppelin | 1 | |
35 total
» upgrades
| Masonry | 3 | |
| Swords | 3 | |
| Armor | 3 | |
| Animal War Training | 1 | |
| Storm Hammers | 1 | |
| Barrage | 1 | |
| Cloud | 1 | |
13 total
» buildings
| Altar of Kings | 1 | |
| Barracks | 1 | |
| Farm | 13 | |
| Scout Tower | 36 | |
| Lumber Mill | 1 | |
| Arcane Vault | 1 | |
| Arcane Tower | 1 | |
| Town Hall | 4 | |
| Guard Tower | 16 | |
| Keep | 3 | |
| Blacksmith | 1 | |
| Castle | 2 | |
| Gryphon Aviary | 4 | |
| Workshop | 1 | |
85 total
» build order
00:08 Altar of Kings
00:22 Barracks
00:36 Farm
00:52 Farm
01:33 Scout Tower
01:37 Farm
02:05 Lumber Mill
02:16 Arcane Vault
02:46 Arcane Tower
04:11 Town Hall
04:14 Scout Tower
04:14 Scout Tower
04:14 Scout Tower
04:42 Guard Tower
04:46 Scout Tower
04:46 Scout Tower
05:34 Guard Tower
05:40 Scout Tower
05:41 Scout Tower
05:42 Scout Tower
05:42 Scout Tower
06:03 Keep
06:07 Guard Tower
06:09 Guard Tower
06:21 Guard Tower
06:21 Guard Tower
06:30 Blacksmith
06:59 Guard Tower
07:16 Scout Tower
07:17 Scout Tower
07:17 Scout Tower
07:18 Scout Tower
07:18 Scout Tower
07:20 Scout Tower
07:43 Farm
07:51 Guard Tower
08:19 Guard Tower
09:00 Castle
09:04 Farm
09:25 Gryphon Aviary
09:26 Gryphon Aviary
09:46 Gryphon Aviary
10:24 Farm
10:26 Farm
10:26 Farm
10:26 Farm
10:56 Scout Tower
10:57 Scout Tower
10:57 Scout Tower
11:40 Guard Tower
11:44 Keep
13:08 Farm
13:08 Farm
13:08 Farm
13:10 Farm
14:51 Scout Tower
14:51 Scout Tower
14:51 Scout Tower
14:52 Scout Tower
14:52 Scout Tower
14:53 Scout Tower
14:54 Scout Tower
14:54 Scout Tower
14:54 Scout Tower
15:29 Guard Tower
16:03 Guard Tower
16:08 Town Hall
16:26 Scout Tower
16:26 Scout Tower
16:27 Scout Tower
16:27 Scout Tower
16:34 Guard Tower
16:58 Guard Tower
17:29 Scout Tower
17:30 Scout Tower
17:30 Scout Tower
17:30 Scout Tower
17:36 Workshop
17:59 Castle
19:10 Guard Tower
23:16 Town Hall
23:23 Gryphon Aviary
27:40 Town Hall
28:35 Keep
» items
| Scroll of Regeneration | 3 | |
| Lesser Clarity Potion | 1 | |
| Staff of Teleportation | 1 | |
| Scroll of Town Portal | 1 | |
| Tome of Retraining | 1 | |
| Potion of Invisibility | 1 | |
8 total
ENDOS (
purple | 40 APM | 1598 actions | 39:32)
5 Pit Lord
2 Howl of Terror
2 Cleaving Attack
1 Rain of Fire
4 Death Knight
2 Death Coil
2 Unholy Aura
» actions
| Assign group hotkey | 19 | |
| Basic commands | 80 | |
| Build / train | 79 | |
| Enter build submenu | 24 | |
| Enter hero's abilities submenu | 9 | |
| Remove unit from queue | 6 | |
| Right click | 429 | |
| Select / deselect | 455 | |
| Select group hotkey | 397 | |
| Use ability | 91 | |
1598 total
» units
| Acolyte | 7 | |
| Ghoul | 5 | |
| Crypt Fiend | 28 | |
| Frost Wyrm | 5 | |
45 total
» upgrades
| Creature Attack | 3 | |
| Creature Carapace | 3 | |
| Web | 1 | |
| Freezing Breath | 1 | |
8 total
» buildings
| Altar of Darkness | 1 | |
| Crypt | 2 | |
| Graveyard | 2 | |
| Ziggurat | 12 | |
| Tomb of Relics | 1 | |
| Halls of the Dead | 1 | |
| Sacrificial Pit | 1 | |
| Black Citadel | 1 | |
| Spirit Tower | 4 | |
| Boneyard | 4 | |
29 total
» build order
00:56 Altar of Darkness
00:59 Crypt
01:02 Crypt
01:09 Graveyard
01:23 Ziggurat
01:40 Ziggurat
02:04 Tomb of Relics
02:56 Ziggurat
05:34 Ziggurat
06:18 Halls of the Dead
06:52 Ziggurat
06:53 Ziggurat
09:26 Sacrificial Pit
10:16 Black Citadel
10:19 Spirit Tower
12:37 Spirit Tower
12:57 Spirit Tower
15:36 Boneyard
15:39 Boneyard
15:41 Boneyard
15:44 Boneyard
16:12 Ziggurat
31:46 Ziggurat
32:09 Spirit Tower
33:05 Ziggurat
33:07 Ziggurat
33:09 Ziggurat
33:12 Ziggurat
33:24 Graveyard
» items
| Potion of Healing | 1 | |
| Orb of Corruption | 3 | |
4 total
Liger3p0 (
red | 19 APM | 821 actions | 43:07)
4 Blood Mage
2 Flame Strike
2 Siphon Mana
» actions
| Build / train | 52 | |
| Enter build submenu | 26 | |
| Enter hero's abilities submenu | 4 | |
| Right click | 430 | |
| Select / deselect | 259 | |
| Use ability | 50 | |
821 total
» units
| Peasant | 25 | |
| Siege Engine | 9 | |
| Footman | 3 | |
37 total
» upgrades
| Lumber Harvesting | 1 | |
| Plating | 2 | |
| Barrage | 1 | |
4 total
» buildings
| Lumber Mill | 1 | |
| Altar of Kings | 1 | |
| Farm | 13 | |
| Scout Tower | 3 | |
| Barracks | 1 | |
| Guard Tower | 2 | |
| Keep | 1 | |
| Arcane Vault | 1 | |
| Blacksmith | 1 | |
| Castle | 1 | |
| Workshop | 2 | |
27 total
» build order
00:27 Lumber Mill
00:37 Altar of Kings
00:43 Farm
01:24 Farm
01:30 Scout Tower
01:41 Barracks
02:02 Farm
02:07 Guard Tower
02:48 Farm
02:49 Farm
02:54 Keep
03:25 Farm
03:28 Farm
04:08 Farm
04:12 Farm
04:42 Arcane Vault
04:59 Blacksmith
05:33 Castle
06:20 Workshop
07:08 Workshop
07:31 Farm
09:14 Farm
10:28 Scout Tower
10:55 Scout Tower
11:24 Guard Tower
19:01 Farm
19:56 Farm
» items
| Scroll of Town Portal | 1 | |
| Potion of Healing | 1 | |
2 total
team 2 (loser)

»
OneNoob (
yellow | 39 APM | 1111 actions | 28:43)
6 Beastmaster
3 Summon Bear
2 Summon Hawk
1 Stampede
4 Keeper of the Grove
2 Entangling Roots
2 Thorns Aura
» actions
| Assign group hotkey | 31 | |
| Build / train | 94 | |
| Enter build submenu | 17 | |
| Enter hero's abilities submenu | 10 | |
| Give item / drop item | 2 | |
| Remove unit from queue | 1 | |
| Right click | 433 | |
| Select / deselect | 345 | |
| Select group hotkey | 77 | |
| Use ability | 101 | |
1111 total
» units
| Wisp | 20 | |
| Archer | 10 | |
| Hippogryph | 5 | |
| Druid of the Claw | 3 | |
| Glaive Thrower | 3 | |
| Mountain Giant | 2 | |
| Druid of the Talon | 1 | |
44 total
» upgrades
| Strength of the Moon | 2 | |
| Moon Armor | 2 | |
| Improved Bows | 1 | |
| Hippogryph Taming | 1 | |
| Strength of the Wild | 3 | |
| Reinforced Hides | 3 | |
| Ultravision | 1 | |
| Nature's Blessing | 1 | |
| Marksmanship | 1 | |
| Druid of the Claw Training | 2 | |
| Vorpal Blades | 1 | |
| Mark of the Claw | 1 | |
| Well Spring | 1 | |
| Hardened Skin | 1 | |
| Resistant Skin | 1 | |
| Druid of the Talon Training | 2 | |
24 total
» buildings
| Moon Well | 7 | |
| Ancient of War | 1 | |
| Altar of Elders | 1 | |
| Hunter's Hall | 1 | |
| Tree of Ages | 1 | |
| Tree of Life | 3 | |
| Ancient of Wonders | 1 | |
| Ancient of Wind | 2 | |
| Tree of Eternity | 1 | |
| Ancient of Lore | 1 | |
19 total
» build order
00:31 Moon Well
00:38 Ancient of War
01:07 Altar of Elders
01:34 Moon Well
02:12 Moon Well
03:05 Hunter's Hall
04:32 Tree of Ages
04:53 Tree of Life
06:44 Moon Well
06:52 Ancient of Wonders
07:13 Ancient of Wind
07:18 Ancient of Wind
08:40 Tree of Eternity
09:28 Moon Well
10:13 Moon Well
11:04 Moon Well
12:07 Ancient of Lore
22:22 Tree of Life
25:43 Tree of Life
» items
| Orb of Venom | 2 | |
| Scroll of Town Portal | 3 | |
| Potion of Healing | 1 | |
| Staff of Preservation | 1 | |
| Anti-magic Potion | 3 | |
| Potion of Mana | 1 | |
11 total
Archmage (
green | 77 APM | 3837 actions | 50:01)
9 Archmage
3 Summon Water Elemental
3 Brilliance Aura
2 Blizzard
1 Mass Teleport
» actions
| Assign group hotkey | 60 | |
| Basic commands | 346 | |
| Build / train | 221 | |
| ESC pressed | 7 | |
| Enter build submenu | 67 | |
| Enter hero's abilities submenu | 9 | |
| Give item / drop item | 15 | |
| Remove unit from queue | 7 | |
| Right click | 1385 | |
| Select / deselect | 450 | |
| Select group hotkey | 999 | |
| Use ability | 271 | |
3837 total
» units
| Peasant | 13 | |
| Footman | 7 | |
| Goblin Shredder | 3 | |
| Dragonhawk Rider | 1 | |
| Gryphon Rider | 6 | |
| Siege Engine | 4 | |
34 total
» upgrades
| Masonry | 3 | |
| Swords | 3 | |
| Lumber Harvesting | 2 | |
| Armor | 5 | |
| Animal War Training | 1 | |
| Cloud | 1 | |
| Storm Hammers | 1 | |
| Magic Sentry | 1 | |
| Gunpowder | 3 | |
| Plating | 3 | |
23 total
» buildings
| Altar of Kings | 1 | |
| Barracks | 1 | |
| Farm | 12 | |
| Arcane Vault | 1 | |
| Town Hall | 4 | |
| Scout Tower | 45 | |
| Lumber Mill | 1 | |
| Keep | 2 | |
| Blacksmith | 1 | |
| Guard Tower | 19 | |
| Castle | 3 | |
| Gryphon Aviary | 2 | |
| Arcane Sanctum | 1 | |
| Workshop | 1 | |
| Cannon Tower | 46 | |
140 total
» build order
00:48 Altar of Kings
00:50 Barracks
00:52 Farm
00:59 Farm
01:05 Farm
01:44 Farm
02:06 Arcane Vault
04:27 Town Hall
04:30 Scout Tower
04:30 Scout Tower
04:32 Scout Tower
04:33 Scout Tower
04:38 Lumber Mill
04:47 Keep
04:48 Keep
06:27 Blacksmith
06:31 Scout Tower
06:34 Scout Tower
07:04 Guard Tower
07:05 Guard Tower
07:06 Guard Tower
07:06 Guard Tower
08:06 Castle
08:06 Castle
08:06 Castle
08:11 Gryphon Aviary
08:13 Gryphon Aviary
08:22 Scout Tower
08:22 Scout Tower
08:24 Scout Tower
08:25 Scout Tower
08:27 Scout Tower
08:27 Scout Tower
09:09 Scout Tower
09:10 Scout Tower
09:58 Guard Tower
09:58 Guard Tower
10:39 Guard Tower
10:41 Guard Tower
10:41 Guard Tower
10:41 Guard Tower
10:42 Guard Tower
10:42 Guard Tower
11:26 Farm
11:27 Farm
11:32 Arcane Sanctum
11:58 Workshop
12:03 Scout Tower
12:05 Scout Tower
12:07 Scout Tower
12:08 Scout Tower
12:18 Scout Tower
12:25 Scout Tower
12:26 Farm
12:28 Farm
12:30 Scout Tower
12:34 Scout Tower
12:37 Farm
12:38 Farm
12:43 Farm
12:45 Farm
12:56 Scout Tower
12:58 Scout Tower
13:27 Cannon Tower
13:28 Cannon Tower
13:28 Cannon Tower
13:28 Cannon Tower
13:29 Cannon Tower
13:29 Cannon Tower
13:30 Cannon Tower
13:31 Cannon Tower
13:31 Cannon Tower
13:32 Cannon Tower
13:32 Cannon Tower
13:33 Cannon Tower
13:33 Cannon Tower
13:33 Cannon Tower
16:40 Town Hall
18:10 Cannon Tower
18:11 Cannon Tower
19:30 Town Hall
23:36 Town Hall
23:38 Scout Tower
23:38 Scout Tower
23:39 Scout Tower
23:40 Scout Tower
25:02 Guard Tower
25:02 Guard Tower
34:47 Scout Tower
34:48 Scout Tower
34:50 Scout Tower
34:50 Scout Tower
34:52 Scout Tower
34:53 Scout Tower
34:54 Scout Tower
34:55 Scout Tower
34:58 Scout Tower
34:59 Scout Tower
35:00 Scout Tower
35:02 Scout Tower
35:03 Scout Tower
35:04 Scout Tower
35:07 Scout Tower
35:09 Scout Tower
35:10 Scout Tower
35:50 Cannon Tower
35:50 Cannon Tower
36:33 Cannon Tower
36:33 Cannon Tower
38:07 Cannon Tower
38:07 Cannon Tower
39:34 Cannon Tower
39:35 Cannon Tower
39:35 Cannon Tower
39:59 Cannon Tower
40:00 Cannon Tower
40:12 Cannon Tower
40:12 Cannon Tower
40:12 Cannon Tower
40:31 Cannon Tower
40:31 Cannon Tower
» items
| Scroll of Regeneration | 11 | |
| Lesser Clarity Potion | 3 | |
| Periapt of Vitality | 1 | |
| Staff of Teleportation | 1 | |
| Boots of Speed | 1 | |
| Potion of Invisibility | 2 | |
| Tome of Retraining | 1 | |
| Mechanical Critter | 3 | |
| Scroll of Town Portal | 5 | |
| Ivory Tower | 3 | |
| Potion of Healing | 4 | |
| Potion of Mana | 1 | |
| Staff of Sanctuary | 1 | |
37 total
TheElfShadow (
pink | 28 APM | 756 actions | 27:11)
4 Priestess of the Moon
2 Searing Arrows
2 Trueshot Aura
3 Keeper of the Grove
2 Entangling Roots
1 Force of Nature
» actions
| Assign group hotkey | 1 | |
| Build / train | 74 | |
| Enter build submenu | 16 | |
| Enter hero's abilities submenu | 7 | |
| Give item / drop item | 2 | |
| Right click | 334 | |
| Select / deselect | 274 | |
| Use ability | 48 | |
756 total
» units
| Wisp | 20 | |
| Huntress | 5 | |
| Archer | 21 | |
| Dryad | 5 | |
51 total
» upgrades
| Strength of the Moon | 3 | |
| Moon Armor | 3 | |
| Improved Bows | 1 | |
| Sentinel | 1 | |
| Abolish Magic | 1 | |
| Marksmanship | 1 | |
10 total
» buildings
| Moon Well | 7 | |
| Altar of Elders | 1 | |
| Hunter's Hall | 1 | |
| Ancient of War | 2 | |
| Tree of Ages | 1 | |
| Tree of Life | 3 | |
| Ancient of Wonders | 2 | |
| Ancient of Lore | 1 | |
| Tree of Eternity | 1 | |
19 total
» build order
00:29 Moon Well
00:34 Altar of Elders
01:16 Hunter's Hall
01:33 Moon Well
01:57 Ancient of War
02:17 Ancient of War
02:59 Moon Well
03:37 Moon Well
04:57 Moon Well
05:01 Tree of Ages
06:37 Tree of Life
07:45 Ancient of Wonders
07:53 Ancient of Lore
10:16 Moon Well
10:18 Moon Well
12:12 Tree of Eternity
16:10 Tree of Life
16:32 Ancient of Wonders
24:15 Tree of Life
» items
jorgee (
orange | 8 APM | 408 actions | 50:01)
3 Blood Mage
2 Flame Strike
1 Siphon Mana
» actions
| Basic commands | 8 | |
| Build / train | 58 | |
| Enter build submenu | 27 | |
| Enter hero's abilities submenu | 3 | |
| Remove unit from queue | 2 | |
| Right click | 82 | |
| Select / deselect | 199 | |
| Use ability | 28 | |
408 total
» units
| Peasant | 9 | |
| Footman | 8 | |
| Dragonhawk Rider | 5 | |
| Gryphon Rider | 17 | |
39 total
» upgrades
| Swords | 3 | |
| Armor | 3 | |
| Cloud | 1 | |
| Storm Hammers | 1 | |
8 total
» buildings
| Altar of Kings | 1 | |
| Farm | 11 | |
| Barracks | 1 | |
| Lumber Mill | 1 | |
| Scout Tower | 3 | |
| Blacksmith | 1 | |
| Arcane Tower | 1 | |
| Keep | 1 | |
| Arcane Vault | 1 | |
| Guard Tower | 2 | |
| Gryphon Aviary | 2 | |
| Castle | 1 | |
| Ancient of Wonders | 1 | |
27 total
» build order
00:26 Altar of Kings
00:42 Farm
00:59 Barracks
01:14 Farm
01:26 Lumber Mill
01:57 Scout Tower
02:29 Blacksmith
02:48 Arcane Tower
03:48 Farm
04:06 Farm
04:54 Keep
05:00 Arcane Vault
06:45 Scout Tower
07:16 Guard Tower
07:49 Gryphon Aviary
07:54 Gryphon Aviary
09:10 Castle
10:28 Farm
10:36 Farm
11:45 Farm
12:48 Farm
12:50 Farm
14:03 Farm
14:04 Farm
15:49 Scout Tower
18:10 Guard Tower
40:00 Ancient of Wonders
Chat log
(00:09 / Allies) TheElfShadow: hunts dryads
(00:14 / Allies) TheElfShadow: priestess
(00:19 / Allies) jorgee: gryphons
(00:19 / Allies) TheElfShadow: kotg
(00:26 / Allies) OneNoob: mounted hipps faereie kotg
(06:21 / Allies) Archmage: I didn't need you stealng my XP fag
(06:23 / Allies) Archmage: try that again and I tk
(07:04 / Allies) jorgee: why everyone in this game talks like an idiot
(07:10 / Allies) jorgee: i was just helping
(07:13 / Allies) Archmage: You're a prick
(07:16 / Allies) Archmage: I didn't need your help
(07:21 / Allies) Archmage: you jsut wanted the Xp
(07:22 / Allies) OneNoob: just chill
(07:29 / Allies) jorgee: then leave the game
(07:38 / Allies) jorgee: if you dont need help
(07:41 / Allies) jorgee: play alone
(07:53 / Allies) Archmage: Why don't you creep by yourself and help our team more?
(08:03 / Allies) Archmage: rather than steal my fucking XP, I could have been level 3 faster
(08:57 / Allies) Archmage: there's no fucking reason to take my green camp
(09:07 / Allies) OneNoob: chill
(09:15 / Allies) Archmage: Orange is scum
(09:29 / Allies) jorgee: i already said
(09:33 / Allies) jorgee: leave
(09:35 / Allies) jorgee: is better
(10:16 / All) Liger3p0: stupid fucker!!!
(10:20 / All) Archmage: lol
(10:22 / All) Archmage: That was 1 hero
(10:24 / All) Archmage: It killed every peon
(10:27 / All) Archmage: You're the stupid fucker
(13:07 / Allies) jorgee: no melee?
(13:20 / All) Archmage: red doesn't learn from his mistakes
(14:09 / Allies) OneNoob: all come
(14:33 / All) Archmage: Welcome to food block hell, red
(15:14 / Allies) jorgee: nearvous
(17:38 / Allies) Archmage: Leave
(17:43 / Allies) jorgee: whats your fucking problem?!!?!
(18:13 / Allies) TheElfShadow: come you two
(18:14 / Allies) TheElfShadow: wtf
(18:16 / Allies) OneNoob: not yet
(18:21 / Allies) Archmage: Orange is down
(18:22 / Allies) jorgee: green is a crap
(18:24 / Allies) Archmage: Gonna be a mine for me
(18:30 / Allies) Archmage: a 3rd expo
(18:33 / Allies) Archmage: all he's good for
(19:36 / Allies) Archmage: Thanks for the base orange
(19:39 / Allies) Archmage: Might make up for the lost Xp
(19:42 / Allies) jorgee: fuck you
(19:48 / Allies) Archmage: lol
(19:52 / Allies) jorgee: ridiculous
(19:56 / Allies) jorgee: i will win
(20:02 / Allies) Archmage: You won't
(20:04 / Allies) jorgee: and you will do for me
(20:04 / Allies) Archmage: We will
(20:05 / Allies) OneNoob: we need some norts
(20:50 / Allies) OneNoob: why are you 2 still being douche bags?
(20:54 / All) Archmage: Free XP red!
(21:31 / All) Liger3p0: wtf!!!!
(21:44 / All) Archmage: What's wrong buddy red?
(21:57 / All) Liger3p0: got gay ass teamate tht wont fuckin help
(21:59 / All) Archmage: lol
(22:04 / All) Archmage: You got raped by one hero
(22:07 / All) Archmage: then couldn't recover
(22:13 / All) Archmage: and got raped by a few gryphons, 50 food, and a hero
(22:17 / All) Archmage: wehn you were fucking MASS TANK
(22:22 / All) Archmage: mass aa and died to me
(22:37 / Allies) OneNoob: tp?
(22:41 / Allies) Archmage: yeah
(23:02 / Allies) jorgee: ty
(23:04 / Allies) Archmage: 1 sec mass tp cd
(24:01 / Allies) OneNoob: gotta kill their expos
(24:12 / Allies) Archmage: Which one of you fuckwits gave orange gold?
(24:26 / Allies) Archmage: Answer or I kill both of you
(24:38 / Allies) Archmage: instead of just one
(24:43 / Allies) Archmage: Which one of you gave orange gold?
(24:58 / Allies) Archmage: The only place I'm coming is to your bases to kill the both of you if you refuse to tell me which fed orange
(25:30 / Allies) Archmage: tell me
(25:32 / Allies) Archmage: fast
(25:34 / Allies) OneNoob: kill main
(25:37 / Allies) TheElfShadow: what
(25:47 / Allies) TheElfShadow: tell you what?
(25:47 / Allies) Archmage: which one of you fed orange
(25:55 / Allies) OneNoob: idk did he sell items>?
(25:59 / Allies) Archmage: He had no hero
(26:02 / Allies) Archmage: Answer me you fucking bitch
(26:04 / Allies) TheElfShadow: i didn't give him shit
(26:14 / Allies) Archmage: Good work
(26:17 / Allies) Archmage: I apologise pink
(26:20 / Allies) Archmage: Yellow dies
(26:21 / Allies) OneNoob: non e of us gave him goold..idk wtf
(26:30 / Allies) Archmage: No hiding it now
(26:53 / Allies) OneNoob: dude wtf
(27:23 / Allies) Archmage: Surrender your units to me orange, they do not belong
(27:23 / Allies) jorgee: why are you a crap?
(27:27 / Allies) OneNoob: we had this game if you werent a douche green...with or without oj
(27:29 / Allies) Archmage: Why are you an XP stealing shit?
(27:37 / Allies) Archmage: And why would you ever feed an XP stealing shit?
(27:45 / Allies) Archmage: Especially when I command him out of the game
(27:48 / Allies) Archmage: Leave now, bitch orange
(27:52 / Allies) jorgee: how old are you? 10?
(28:02 / Allies) jorgee: i wont leave ass
(28:05 / Allies) jorgee: hahaha
(28:38 / Allies) OneNoob: green...i dont care what you say..you are an asshole with deep issues..i will play you again..and i will kill you
(28:43 / Allies) Archmage: lol
(28:58 / All) Liger3p0: wtf teal
(29:03 / Allies) Archmage: I'll kill all our own buildings to make us lose if I must, orange
(29:05 / All) Liger3p0: the hell u doing fag
(29:05 / All) Archmage: I tked my entire team
(29:08 / All) Archmage: and you are still all losing
(29:23 / All) Liger3p0: we got a fag
(29:30 / All) ninja.warrior.: UNGRateful bastards
(29:37 / All) Liger3p0: k guy
(29:42 / All) ninja.warrior.: i was by far the most valuable player on my team
(29:48 / All) ninja.warrior.: they do nothing but bitch bitch bitch
(29:49 / All) Liger3p0: lokk right there
(30:28 / All) Archmage: killed my own pig and accidentally let a tower live and kill a gryphon lawl
(30:35 / All) ninja.warrior.: lolz
(30:50 / All) Archmage: I almost finished the tower before it killed the gryphon too
(30:57 / All) Archmage: but the long ass attack animation didn't play and I ended it too soon
(31:51 / All) Archmage: it has avatar lawl why staff
(32:48 / All) pucc_lover: teal get a life bro
(32:53 / All) ninja.warrior.: i aint no amatuer
(32:54 / All) Liger3p0: wtf u doin bro
(32:56 / All) ninja.warrior.: im ruthless bro
(32:56 / All) Archmage: Sometimes I buy tps after mass tping out of habit of doing it after tping back home and using one
(33:01 / All) pucc_lover: ya you are
(33:05 / All) pucc_lover: your a little punk
(33:06 / All) ninja.warrior.: im kodos_Forsakens little brother yo
(33:09 / All) ninja.warrior.: best 4v4 player ever
(33:12 / All) pucc_lover: your worthless
(33:22 / All) pucc_lover: and need to be punched in your cocksucker
(33:25 / All) Archmage: Left the dumb bitch dhawk at home
(33:31 / All) Archmage: A gryphon went with my mass tp at not full hp
(33:32 / All) ninja.warrior.: u sound mad blue
(33:34 / All) Archmage: but a hawk won't?
(33:35 / All) ninja.warrior.: could it be, cuz ur bad
(33:36 / All) Liger3p0: mmmk guy
(33:48 / All) pucc_lover: im bad cause your bad makes total sense bro
(34:03 / All) ninja.warrior.: lawl
(34:15 / All) ninja.warrior.: damn im amazing
(34:56 / All) ninja.warrior.: okie dokie
(35:58 / All) ninja.warrior.: i tip my hat to u green
(36:00 / All) ninja.warrior.: ur amazing
(36:03 / All) Archmage: 1v4
(36:05 / All) Archmage: I tk my team
(36:05 / All) ninja.warrior.: beating red with one hero
(36:12 / All) Archmage: He was a noob
(36:13 / All) ninja.warrior.: u demolished red with one hero
(36:21 / All) ninja.warrior.: y do i always get allies like him
(36:23 / All) Archmage: Massing AA
(36:25 / All) Archmage: Massing TANKS!
(36:29 / All) ninja.warrior.: do nothing but take up a player slot
(36:30 / All) Archmage: Dies to 1 hero and a handful of air units
(36:44 / All) Archmage: My sincere condolences for having him on your team
(36:51 / All) Archmage: Sometimes life isn't fair to us
(36:55 / All) Liger3p0: fag
(37:03 / All) Archmage: It clearly wasn't to him when it made him such an unintelligent human being
(37:15 / All) Liger3p0: haha fag
(37:15 / All) ninja.warrior.: i believe red is embarassed he lost to one hero
(37:16 / All) Archmage: He militia surrounded my AM, lost EVERY WORKER
(37:25 / All) Archmage: Then I come back again to blizzard harass
(37:28 / All) Archmage: He decides to do it AGAIN!
(37:34 / All) Archmage: If it doesn't work the first time, DO THE SAME THING AGAIN!
(37:56 / All) ninja.warrior.: no u red
(37:58 / All) ninja.warrior.: no u
(37:59 / All) Archmage: Orange was a piece of XP leeching filth
(38:01 / All) ninja.warrior.: arrogant bastard
(38:02 / All) Liger3p0: k fa
(38:09 / All) ninja.warrior.: i carried my team and they do nothing but whine at me
(38:13 / All) Archmage: shit I ran out of lumber for my towers
(38:13 / All) ninja.warrior.: it was my gold i earned it
(38:24 / All) Archmage: wehre'd my shredder go
(38:27 / All) Archmage: Orange must've killed it
(38:33 / Allies) jorgee: :)
(38:38 / All) Liger3p0: oj u still got units?
(38:43 / All) Archmage: Orange want to hear the rules?
(38:50 / All) jorgee: no
(38:56 / All) Liger3p0: damit
(38:58 / All) Archmage: Teal and I are killing everything
(39:03 / All) Archmage: INcluding our own units and buildings
(39:09 / All) Archmage: There will be no way to produce, but buildings left on each side
(39:17 / All) Archmage: You will each have equal chances of winning
(39:21 / All) Archmage: Sound fair, orange and the rest?
(39:30 / All) Archmage: Will you all leave your computers on all night for the win?
(39:36 / All) ninja.warrior.: ill let them have a shredder
(39:42 / All) Liger3p0: wow
(39:44 / All) ninja.warrior.: zepplin i mean
(39:48 / All) Archmage: 3 cannon towers almost instakills a farm
(39:52 / All) Archmage: demolishing orange's base with them
(39:52 / All) Liger3p0: teal is letting us lose wat a fag
(40:06 / All) ninja.warrior.: no red those arent the terms
(40:14 / All) Liger3p0: k guy
(40:15 / All) ninja.warrior.: u have a chance at victory if you be obedient
(40:35 / All) Liger3p0: i aint ur little fuckin dog
(40:45 / All) ninja.warrior.: i decide that
(40:46 / All) Archmage: lol
(40:49 / All) ninja.warrior.: u just be a good boy
(40:53 / All) Liger3p0: stfu
(40:59 / All) ninja.warrior.: let me get ur leash for you, boy
(41:09 / All) Archmage: I thought cannon towers had a shorter range
(41:57 / All) ninja.warrior.: uh
(42:14 / All) pucc_lover: just tk this fag next time he on your team thats all
(42:16 / All) ninja.warrior.: orange u here
(42:21 / All) Archmage: Orange
(42:23 / All) Archmage: You here?
(42:29 / All) Archmage: Will you leave your computer on all night for the win?
(42:32 / All) Archmage: We are killing everything
(42:36 / All) Archmage: including our own units
(42:40 / All) jorgee: dont care
(42:43 / All) jorgee: im eating
(42:44 / All) ninja.warrior.: wut
(43:03 / All) Liger3p0: ahh i dont have time for noobs like green and teal im out fags
(43:21 / All) ninja.warrior.: orange will u leave the game once ur done eating?
(43:51 / All) Archmage: What are you eating?
(43:51 / All) ninja.warrior.: i know blue will stay
(43:59 / All) jorgee: pizza
(44:04 / All) Archmage: What kind?
(44:10 / All) ninja.warrior.: when ur done eating ur pizza are u gonna leave, orange?
(44:35 / All) jorgee: cheese and pepperoni
(44:43 / All) Archmage: Will you leave after done eating?
(44:52 / All) Archmage: Or leave your computer on for the win?
(45:25 / All) Archmage: ORange
(45:29 / All) Archmage: Will you leave after the pizza?
(45:33 / All) Archmage: Or leave your computer on for the win?
(46:00 / All) jorgee: i will stay
(46:12 / All) ninja.warrior.: u know what we're doing right orange
(46:19 / All) jorgee: yeah
(46:19 / All) ninja.warrior.: u wont have any units to control
(46:20 / All) Archmage: Good man
(46:22 / All) Archmage: Don't fail us orange
(46:26 / All) Archmage: Set a new record for us
(46:35 / All) Archmage: We had a 20 hour standoff a few days ago
(46:41 / All) Archmage: let's try and go over that with you and blue
(46:48 / All) Archmage: My side is done
(46:50 / All) Archmage: Just your AM now
(48:24 / Allies) Archmage: You have a critter to play with
(48:29 / All) Archmage: I gave him a critter
(48:31 / All) Archmage: I had it lying around
(48:44 / All) ninja.warrior.: ill give blue a zep
(49:04 / All) Archmage: Sending the critter to my towers at mid top expo if you can't find it
(49:48 / All) ninja.warrior.: gl orange and blue
(49:52 / All) ninja.warrior.: we'll whisper u tomorrow